 Dungeon Crawl Stone Soup version 0.21-a0-157-gb89e0e2 (webtiles) character file.

54 Azzok the Skirmisher (level 3, -2/36 HPs)
             Began as a Minotaur Fighter on Aug 4, 2017.
             Slain by a gnoll
             ... wielding a +0 halberd
              (5 damage)
             ... on level 2 of the Dungeon.
             The game lasted 00:01:17 (842 turns).

Azzok the Skirmisher (Minotaur Fighter)              Turns: 842, Time: 00:01:18

Health: -2/36      AC:  6    Str: 20    XL:     3   Next: 66%
Magic:  2/2        EV:  7    Int:  5    God:
Gold:   42         SH:  9    Dex: 10    Spells: 2/2 levels left

rFire    . . .     SeeInvis .   a - +0 long sword
rCold    . . .     Gourm    .   c - +0 shield
rNeg     . . .     Faith    .   b - +0 scale mail
rPois    .         Spirit   .   (helmet restricted)
rElec    .         Reflect  .   (no cloak)
rCorr    .         Harm     .   (no gloves)
MR       .....                  (no boots)
Stlth    ..........             (no amulet)
HPRegen  0.12/turn              (no ring)
MPRegen  0.08/turn              (no ring)

@: no status effects
A: retaliatory headbutt, horns 2
a: no special abilities


You were on level 2 of the Dungeon.
You were not hungry.

You visited 1 branch of the dungeon, and saw 2 of its levels.

You collected 42 gold pieces.

Inventory:

Hand Weapons
 a - a +0 long sword (weapon)
Armour
 b - a +0 scale mail (worn)
 c - a +0 shield (worn)
Wands
 p - a wand of random effects (20/48)
Scrolls
 g - 3 scrolls of blinking {unknown}
 j - a scroll of identify {unknown}
 l - a scroll of enchant weapon {unknown}
 m - a scroll of remove curse {unknown}
 n - a scroll of random uselessness {unknown}
Potions
 d - a potion of might
 e - a potion of haste {unknown}
 h - a potion of brilliance {unknown}
 i - 2 potions of resistance {unknown}
Comestibles
 f - 2 bread rations
 k - a meat ration
 o - 8 chunks of flesh


   Skills:
 * Level 5.6 Fighting
 - Level 2.4 Long Blades
 - Level 3.6 Armour
 - Level 3.6 Shields


You had 2 spell levels left.
You didn't know any spells.

Dungeon Overview and Level Annotations

Branches:
Dungeon (2/15)

Altars:
Xom


Innate Abilities, Weirdness & Mutations

You reflexively headbutt those who attack you in melee.
You have a pair of horns on your head.


Message History

You barely miss the gnoll. Your headbutt misses the gnoll.
The gnoll closely misses you.
You riposte.
You slash the gnoll! Your headbutt misses the gnoll.
The gnoll is heavily wounded.
The gnoll barely misses you. The gnoll hits you with a whip!
You slash the gnoll!
You kill the gnoll!
The gnoll hits you from afar with a spear.
The gnoll hits you with a spear.
The gnoll hits you from afar with a halberd.
You block the gnoll's attack.
You see here a whip.
You barely miss the gnoll. The gnoll hits you with a spear.
The gnoll hits you but does no damage. You block the gnoll's attack. x2
You slash the gnoll!
The gnoll is heavily wounded.
The gnoll hits you from afar with a halberd!
* * * LOW HITPOINT WARNING * * *
The gnoll hits you from afar with a halberd.
You die...

▒ ▒▒▒▒▒▒▒ ▒▒·
▒·····▒ ··>·
▒·····▒ ▒···
▒·····▒
·▒···g▒▒▒·····▒
·····gg@······▒
······▒▒▒·····▒
·····(·▒·▒··>·
▒·····▒
···_···^·▒···
▒·····▒
·······▒·▒·▒
▒·····▒
······▒·▒·▒
▒▒▒▒·····▒ ····
▒···▒▒
▒······▒▒▒
▒▒▒^▒▒▒▒····▒
▒······▒
·········▒▒·▒
▒····>(▒


You could see 3 gnolls.

Vanquished Creatures
  A gnoll (D:2)
  2 oozes (D:1)
  3 dart slugs
  2 leopard geckos
  A giant cockroach (D:1)
  3 goblins
  5 hobgoblins
  A kobold (D:1)
  5 bats
  3 frilled lizards
  2 rats (D:1)
28 creatures vanquished.

Notes
Turn   | Place    | Note
-------+----------+-------------------------------------------
     0 | D:1      | Azzok the Minotaur Fighter began the quest for the Orb.
     0 | D:1      | Reached XP level 1. HP: 19/19 MP: 0/0
    22 | D:1      | Reached skill level 4 in Fighting
   147 | D:1      | Reached XP level 2. HP: 27/27 MP: 1/1
   246 | D:1      | Reached skill level 5 in Fighting
   576 | D:1      | Reached XP level 3. HP: 36/36 MP: 2/2
   733 | D:2      | Found a shimmering altar of Xom.
   842 | D:2      | Slain by a gnoll

Vault maps used:
D:1:      shiori_shiawase, due_unseen_surprise
D:2:      lemuel_round_altar, lemuel_tele_altar

Skill      XL: |  1  2 |
---------------+-------+-----
Fighting       | 4 5 |  5.6
Long Blades    | |  2.4
Armour         | |  3.6
Shields        | |  3.6

Action                   || total
-------------------------++-------
Melee: Long sword        ||    63
       Headbutt          ||     7
Armor: Scale mail        ||    38
Dodge: Dodged            ||    27
Block: Shield            ||    33
       Rpst.: Long sword ||     5
